 Dungeon Crawl Stone Soup version 0.31.0-11-ge490571c62 (webtiles) character file.

Game seed: 12299322903063402991

185 qw the Skirmisher (level 5, 0/29 HPs)
             Began as a Deep Elf Hunter on Feb 4, 2024.
             Incinerated by a bombardier beetle (8 damage)
             ... with a burning spray
             ... on level 4 of the Dungeon.
             The game lasted 00:01:16 (1978 turns).

qw the Skirmisher (Deep Elf Hunter)                 Turns: 1978, Time: 00:01:17

Health: 0/29       AC:  5    Str: 10    XL:     5   Next: 37%
Magic:  7/7        EV: 11    Int: 14    God:
Gold:   227        SH:  0    Dex: 18    Spells: 4/4 levels left

rFire   . . .        a - +0 shortbow (drain)
rCold   . . .        (shield currently unavailable)
rNeg    . . .        o - +0 ring mail
rPois   .            (no helmet)
rElec   .            (no cloak)
rCorr   .            (no gloves)
SInv    .            (no boots)
Will    .....        (no amulet)
Stlth   +            (no ring)
HPRegen 0.24/turn    (no ring)
MPRegen 0.10/turn

%: no passive effects
@: on fire, glowing
A: no striking features
a: no special abilities


You were on level 4 of the Dungeon.
You visited 1 branch of the dungeon, and saw 4 of its levels.

You collected 227 gold pieces.


   Skills:
 - Level 1.5 Fighting
 + Level 8.9 Ranged Weapons
 - Level 2.4 Dodging
 - Level 1.2 Stealth


You had 4 spell levels left.
You didn't know any spells.
Your spell library was empty.

Inventory:

Hand Weapons
 a - a +0 shortbow of draining (weapon)
Armour
 o - a +0 ring mail (worn)
Scrolls
 c - a scroll of identify
 e - a scroll of vulnerability {unknown}
Potions
 b - a potion of mutation
 d - a potion of enlightenment
 f - a potion of heal wounds {unknown}
 g - a potion of curing {unknown}
 i - a potion of ambrosia {unknown}
 j - a potion of cancellation {unknown}
 k - a potion of invisibility {unknown}
 n - a potion of might {unknown}

Dungeon Overview and Level Annotations

Branches:
Dungeon (4/15)
 Temple: D:4-7

Altars:
Dithmenos
Elyvilon

Annotations:
D:2 1 runed translucent door, Crazy Yiuf
D:3 1 runed translucent door, qw's ghost, weakling DEHu


Message History

Enter note:
1974 ||| RETREEEEATING.
The iguana hisses angrily.
The gnoll shouts! x2; You hear a shout!
Enter note:
Enter note:
Enter note:
Enter note:
Enter note:
Enter note:
Enter note:
Enter note:
1975 ||| RETREEEEATING.
A kobold comes into view. It is wielding a +0 dagger.
The goblin barely misses you.
The bombardier beetle sprays incendiary fluid at you.
The burning spray hits you.
You are covered in liquid fire!
Enter note:
Enter note:
Enter note:
Enter note: You shoot an arrow.
The kobold shouts!
The arrow hits the hound.
You drain the hound.
The hound is heavily wounded.
The liquid fire burns you! The hound closely misses you.
The goblin closely misses you. The hound bites you but does no damage.
The bombardier beetle bites you but does no damage.
You shoot an arrow. The arrow closely misses the hound.
The liquid fire burns you! The goblin barely misses you.
The gnoll hits you from afar with a +0 spear.
The iguana bites you. The hound bites you but does no damage.
The kobold throws a stone.
The stone closely misses you.
The stone hits the goblin.
You shoot an arrow. The arrow hits the hound!
You kill the hound!
The liquid fire burns you!
You die...

#.......#### ...
#..#.##.# #... ...
#...##..# ##..K..
... .....
#..####....... ....
.....##.^.##.......#
....
#..<......#.......#
....
#................#
....
.................#
.........@B......#
........gl...#...
.........gg.##
..............#
.............#
....###......# ....
.g.....# ...
....##.## #...#. ..


You could see a bombardier beetle, an iguana, 3 gnolls, a goblin and a kobold.

Vanquished Creatures
  A hound (D:4)
  An orc priest (D:4)
  Jessica (D:2)
  3 gnolls (D:2)
  3 adders
  A dart slug (D:1)
  5 orcs
  8 ball pythons
  7 bats
  4 endoplasms
  5 giant cockroaches
  7 goblins
  4 hobgoblins
  3 jackals (D:4)
  2 quokkas
  3 frilled lizards
  6 kobolds
  A rat (D:2)
65 creatures vanquished.

Notes
Turn   | Place    | Note
-------+----------+-------------------------------------------
     0 | D:1      | qw the Deep Elf Hunter began the quest for the Orb.
     0 | D:1      | Reached XP level 1. HP: 12/12 MP: 3/3
     0 | D:1      | 0 ||| qw: Version: 0.3-a-160-g6735b56
     0 | D:1      | 0 ||| qw: Game counter: 5899
     0 | D:1      | 0 ||| qw: Melee chars always use a shield: true
     0 | D:1      | 0 ||| qw: God list: Okawaru
     0 | D:1      | 0 ||| qw: Allow faded altars: false
     0 | D:1      | 0 ||| qw: Do Orc after clearing Dungeon:15 true
     0 | D:1      | 0 ||| qw: Do second Lair branch before Depths: true
     0 | D:1      | 0 ||| qw: Lair rune preference: random
     0 | D:1      | 0 ||| qw: Goals: Normal
     0 | D:1      | 0 ||| PLANNING D:1-11
    70 | D:1      | Reached XP level 2. HP: 16/16 MP: 4/4
    73 | D:1      | Reached skill level 6 in Ranged Weapons
   352 | D:1      | 352 ||| READING scroll labelled MUNLATA QOMMI.
   353 | D:1      | 353 ||| READING 2 scrolls labelled DOMOJEI ULOYLE.
   353 | D:1      | 353 ||| IDENTIFYING coppery potion
   354 | D:1      | 354 ||| READING scroll of identify.
   354 | D:1      | 354 ||| IDENTIFYING red potion
   355 | D:1      | 355 ||| READING scroll labelled JOGEWA UCALL.
   355 | D:1      | 355 ||| BRANDING +0 shortbow.
   356 | D:1      | 356 ||| READING scroll labelled HYIPHU QOMAQIL.
   357 | D:1      | 357 ||| READING 3 scrolls labelled IBADOX HIBIEST.
   358 | D:1      | 358 ||| DROPPING scroll of butterflies.
   359 | D:1      | 359 ||| DROPPING potion of attraction.
   360 | D:1      | 360 ||| DROPPING 2 scrolls of amnesia.
   466 | D:2      | Reached XP level 3. HP: 20/20 MP: 5/5
   476 | D:2      | Reached skill level 7 in Ranged Weapons
   538 | D:2      | Reached XP level 4. HP: 25/25 MP: 6/6
   697 | D:2      | Found a runed translucent door.
   698 | D:2      | Noticed Crazy Yiuf
   739 | D:2      | Noticed Jessica
   742 | D:2      | Killed Jessica
   743 | D:2      | Reached skill level 8 in Ranged Weapons
   957 | D:2      | 957 ||| READING scroll labelled SUWUGGEINN.
   957 | D:2      | 957 ||| ENCHANTING +0 shortbow of draining.
   958 | D:2      | 958 ||| READING scroll labelled APEABEU QEUR.
  1157 | D:3      | Found a runed translucent door.
  1158 | D:3      | Noticed qw's ghost (weakling DEHu)
  1491 | D:3      | Found a white marble altar of Elyvilon.
  1622 | D:3      | 1622 ||| UPGRADING to +0 ring mail.
  1632 | D:3      | 1632 ||| DROPPING +0 leather armour.
  1633 | D:3      | 1633 ||| READING 2 scrolls of identify.
  1633 | D:3      | 1633 ||| IDENTIFYING murky brown potion
  1634 | D:3      | 1634 ||| READING scroll of identify.
  1634 | D:3      | 1634 ||| IDENTIFYING glowing ruby potion
  1635 | D:3      | 1635 ||| READING scroll labelled PIYPHO HUINUMP.
  1636 | D:3      | 1636 ||| READING scroll labelled AWKEAMP JUHO PEDA.
  1739 | D:3      | 1739 ||| DROPPING potion of lignification.
  1804 | D:4      | Reached XP level 5. HP: 29/29 MP: 7/7
  1823 | D:4      | Found a shadowy altar of Dithmenos.
  1937 | D:4      | 1937 ||| FLEEEEING.
  1938 | D:4      | 1938 ||| FLEEEEING.
  1939 | D:4      | 1939 ||| FLEEEEING.
  1974 | D:4      | 1974 ||| RETREEEEATING.
  1975 | D:4      | 1975 ||| RETREEEEATING.
  1978 | D:4      | Incinerated by a bombardier beetle

Levels and vault maps discovered:
D:1:      ebering_hopf_link, layout_rooms
D:2:      layout_basic, minmay_split_cup_small, uniq_jessica,
          uniq_crazy_yiuf_cottage
D:3:      layout_rooms, marbit_many_paths, ebering_ghost_sewer_d
D:4:      layout_cave_pools, grunt_dithmenos_smoke, nicolae_vehumet_altar_sigil,
          serial_column_ruins, column_ruins_hut, column_ruins_hut,
          column_ruins_columns_dead_end, column_ruins_open_large,
          column_ruins_columns_plus, column_ruins_open_small,
          column_ruins_open_tiny

Skill      XL: |  1  2  3  4 |
---------------+-------------+-----
Ranged Weapons | 6 7 8 |  8.9
Fighting       | |  1.5
Dodging        | |  2.4
Stealth        | |  1.2

Action                     |  1- 3 |  4- 6 || total
---------------------------+-------+-------++-------
   Fire: Shortbow          |    46 |   106 ||   152
    Use: Scroll            |     6 |     6 ||    12
 Armour: Leather armour    |     2 |     4 ||     6
         Ring mail         |       |    16 ||    16
  Dodge: Dodged            |     2 |    21 ||    23

Table legend:
 A = Non-vault XP
 B = Vault XP
 C = Vault XP percentage of total XP
 D = Non-vault monster count
 E = Vault monster count
 F = Vault count percentage of total count
                 A         B        C        D         E       F
            +---------+---------+-------+---------+---------+-------
      Total |     267 |      44 |  14.1 |      60 |       5 |   7.7
            +---------+---------+-------+---------+---------+-------
        D:1 |      22 |       0 |   0.0 |      12 |       0 |   0.0
        D:2 |      92 |      42 |  31.3 |      18 |       4 |  18.2
        D:3 |      37 |       2 |   5.1 |      15 |       1 |   6.2
        D:4 |     116 |       0 |   0.0 |      15 |       0 |   0.0
            +---------+---------+-------+---------+---------+-------
